[ AOE2 MATCH · #463522087 ]
Team RMEthiopians vs Gurjaras
[ REPLAY ANALYSIS · EXTRACTED FROM THE RECORDED GAME ]
Feudal
14:14
Castle
23:14
Imperial
38:09
| APM avg | 39.9 |
| APM peak | 98 |
| eAPM avg | 22.3 |
| Villagers / military | 108 / 136 |
Focus
⚔️ 21.8% · 🌾 78.2%
Archer ×129 · Battering Ram ×6 · Fishing Ship ×5 · Monk ×1
Feudal
13:04
Castle
19:50
Imperial
38:09
| APM avg | 33.0 |
| APM peak | 60 |
| eAPM avg | 23.2 |
| Villagers / military | 98 / 95 |
Focus
⚔️ 33.5% · 🌾 66.5%
Woad Raider ×46 · Fishing Ship ×36 · Mangonel ×25 · Fire Galley ×9 · Battering Ram ×9 · Galley ×4
Feudal
14:42
Castle
23:02
Imperial
—
| APM avg | 21.5 |
| APM peak | 42 |
| eAPM avg | 13.7 |
| Villagers / military | 63 / 34 |
Focus
⚔️ 24.0% · 🌾 76.0%
Conquistador ×15 · Fishing Ship ×10 · Monk ×5 · Demolition Raft ×5 · Galley ×3 · Knight ×2
Feudal
15:56
Castle
20:15
Imperial
32:53
| APM avg | 30.4 |
| APM peak | 53 |
| eAPM avg | 15.8 |
| Villagers / military | 129 / 73 |
Focus
⚔️ 24.1% · 🌾 75.9%
Rattan Archer ×67 · Fishing Ship ×11 · Trebuchet (Packed) ×4 · Fire Lancer ×2
Feudal
13:23
Castle
17:42
Imperial
29:45
| APM avg | 35.1 |
| APM peak | 64 |
| eAPM avg | 21.8 |
| Villagers / military | 129 / 102 |
Focus
⚔️ 24.7% · 🌾 75.3%
Knight ×71 · Fishing Ship ×31 · War Elephant ×17 · Trebuchet (Packed) ×7 · Fire Galley ×2 · Scout Cavalry ×2
Feudal
14:59
Castle
19:11
Imperial
43:06
| APM avg | 19.4 |
| APM peak | 50 |
| eAPM avg | 12.3 |
| Villagers / military | 77 / 37 |
Focus
⚔️ 24.8% · 🌾 75.2%
Eagle Scout ×28 · Jaguar Warrior ×8 · Fishing Ship ×5 · Monk ×1
Feudal
13:07
Castle
20:36
Imperial
—
| APM avg | 38.2 |
| APM peak | 86 |
| eAPM avg | 11.7 |
| Villagers / military | 76 / 17 |
Focus
⚔️ 22.1% · 🌾 77.9%
Genoese Crossbowman ×13 · Fishing Ship ×10 · Unknown (2626) ×10 · Fire Galley ×3 · Battering Ram ×1
Feudal
14:15
Castle
18:26
Imperial
—
| APM avg | 38.0 |
| APM peak | 131 |
| eAPM avg | 17.3 |
| Villagers / military | 99 / 1 |
Focus
⚔️ 9.7% · 🌾 90.3%
Fishing Ship ×13 · Unknown (2626) ×2 · Demolition Raft ×1
Match map
Initial resources + every placement click. Lines = walls · curves = elevation contours. ◆ gold · ⬟ stone · ● berries · ✦ relic · ◌ wall gap
Inputs per minute
— SPQR_BrutusTV - - drkbeer
Build order — SPQR_BrutusTV
First 150 of 300 actions detected
| 0:35 | Build | House |
| 0:36 | Build | House |
| 1:04 | Build | Town Center |
| 3:35 | Create | Villager (Male) ×4 |
| 3:35 | Create | Villager (Male) ×4 |
| 3:55 | Build | Dock |
| 4:59 | Create | Villager (Male) |
| 5:00 | Create | Villager (Male) |
| 5:33 | Create | Villager (Male) |
| 5:57 | Create | Villager (Male) |
| 6:23 | Create | Villager (Male) |
| 6:43 | Create | Fishing Ship |
| 6:48 | Create | Villager (Male) |
| 6:52 | Build | House |
| 7:15 | Create | Villager (Male) |
| 7:15 | Create | Villager (Male) |
| 7:41 | Create | Villager (Male) |
| 7:49 | Build | Mill |
| 8:02 | Build | House |
| 8:06 | Create | Villager (Male) |
| 8:06 | Create | Villager (Male) |
| 8:29 | Create | Villager (Male) |
| 8:46 | Create | Fishing Ship |
| 9:07 | Create | Villager (Male) |
| 9:07 | Create | Villager (Male) |
| 9:18 | Create | Villager (Male) |
| 9:35 | Build | Palisade Wall |
| 9:38 | Build | Palisade Wall |
| 9:44 | Create | Fishing Ship |
| 9:53 | Build | Building 804 |
| 9:59 | Create | Villager (Male) |
| 10:17 | Create | Villager (Male) |
| 10:43 | Create | Villager (Male) |
| 10:54 | Create | Villager (Male) |
| 11:17 | Create | Villager (Male) |
| 11:29 | Build | House |
| 11:32 | Create | Fishing Ship |
| 11:37 | Research | Loom |
| 11:38 | Create | Fishing Ship |
| 12:04 | Research | Feudal Age |
| 12:16 | Build | Barracks |
| 12:43 | Build | Mining Camp |
| 13:00 | Build | House |
| 13:50 | Create | Villager (Male) |
| 13:50 | Create | Villager (Male) |
| 14:02 | Build | Lumber Camp |
| 14:14 | Age | Feudal Age |
| 14:17 | Build | Archery Range |
| 14:29 | Research | Double-Bit Axe |
| 14:51 | Create | Villager (Male) |
| 14:53 | Create | Archer |
| 14:53 | Create | Archer |
| 14:53 | Create | Archer |
| 14:57 | Create | Archer |
| 14:57 | Create | Archer |
| 15:11 | Create | Villager (Male) |
| 15:25 | Create | Archer |
| 15:32 | Build | Blacksmith |
| 15:35 | Create | Archer |
| 15:35 | Create | Archer |
| 15:35 | Create | Archer |
| 15:46 | Build | House |
| 15:52 | Create | Villager (Male) |
| 15:53 | Create | Villager (Male) |
| 16:01 | Build | House |
| 16:07 | Create | Archer |
| 16:14 | Create | Villager (Male) |
| 16:29 | Create | Archer |
| 16:34 | Research | Fletching |
| 16:34 | Research | Padded Archer Armor |
| 16:40 | Create | Villager (Male) |
| 16:46 | Build | Farm |
| 16:58 | Create | Archer |
| 17:04 | Create | Villager (Male) |
| 17:06 | Create | Archer |
| 17:17 | Build | Archery Range |
| 17:24 | Build | Farm |
| 17:25 | Create | Villager (Male) |
| 17:39 | Create | Villager (Male) |
| 17:40 | Build | Farm |
| 17:49 | Build | House |
| 18:07 | Create | Villager (Male) |
| 18:08 | Build | Farm |
| 18:13 | Create | Archer |
| 18:39 | Create | Villager (Male) |
| 18:42 | Build | Farm |
| 19:01 | Create | Villager (Male) |
| 19:03 | Build | Farm |
| 19:51 | Create | Villager (Male) |
| 19:54 | Build | Farm |
| 19:56 | Build | Farm |
| 20:17 | Create | Archer |
| 20:17 | Create | Archer |
| 20:34 | Research | Castle Age |
| 20:40 | Build | House |
| 20:40 | Build | House |
| 20:44 | Build | Farm |
| 20:44 | Build | Farm |
| 21:12 | Build | Farm |
| 21:13 | Build | Farm |
| 21:15 | Build | Farm |
| 21:17 | Build | Farm |
| 21:44 | Research | Wheelbarrow |
| 21:59 | Build | Stone Wall |
| 22:11 | Build | Archery Range |
| 22:13 | Build | Archery Range |
| 23:14 | Age | Castle Age |
| 23:17 | Research | Crossbowman (upgrade) |
| 23:21 | Research | Thumb Ring |
| 23:25 | Research | Bodkin Arrow |
| 23:27 | Research | Bow Saw |
| 23:34 | Create | Villager (Male) |
| 24:04 | Build | Siege Workshop |
| 24:10 | Create | Archer ×4 |
| 24:10 | Create | Archer ×4 |
| 24:11 | Create | Archer |
| 24:13 | Create | Villager (Male) |
| 24:13 | Create | Villager (Male) |
| 24:13 | Create | Villager (Male) |
| 24:28 | Build | Building 673 |
| 24:35 | Create | Archer ×4 |
| 24:45 | Create | Villager (Male) |
| 24:45 | Create | Villager (Male) |
| 24:45 | Create | Villager (Male) |
| 24:46 | Create | Villager (Male) |
| 24:46 | Create | Villager (Male) |
| 25:06 | Research | Gold Mining |
| 25:23 | Create | Archer |
| 25:23 | Create | Archer |
| 25:23 | Create | Archer |
| 25:24 | Create | Archer |
| 25:24 | Create | Archer |
| 25:24 | Create | Archer |
| 25:24 | Create | Archer |
| 25:31 | Build | House |
| 25:36 | Create | Villager (Male) |
| 25:36 | Create | Villager (Male) |
| 25:36 | Create | Villager (Male) |
| 25:37 | Create | Villager (Male) |
| 25:37 | Create | Villager (Male) |
| 25:38 | Create | Villager (Male) |
| 25:57 | Build | House |
| 25:58 | Build | House |
| 26:06 | Create | Battering Ram |
| 26:18 | Create | Villager (Male) |
| 26:18 | Create | Villager (Male) |
| 26:18 | Create | Villager (Male) |
| 26:18 | Create | Villager (Male) |
| 26:26 | Build | Lumber Camp |
| 26:39 | Build | Farm |
Build order — drkbeer
First 150 of 347 actions detected
| 0:17 | Build | Town Center |
| 1:04 | Build | House |
| 1:08 | Build | Dock |
| 2:35 | Create | Villager (Male) |
| 2:35 | Create | Villager (Male) |
| 2:35 | Create | Villager (Male) |
| 2:35 | Create | Villager (Male) |
| 3:34 | Create | Fishing Ship |
| 4:09 | Create | Villager (Male) |
| 4:17 | Build | House |
| 4:52 | Create | Fishing Ship |
| 4:53 | Create | Fishing Ship |
| 5:11 | Research | Loom |
| 5:17 | Create | Fishing Ship |
| 5:17 | Create | Fishing Ship |
| 5:30 | Create | Villager (Male) |
| 5:30 | Create | Villager (Male) |
| 5:58 | Create | Fishing Ship |
| 5:58 | Create | Fishing Ship |
| 6:06 | Create | Fishing Ship |
| 6:06 | Create | Fishing Ship |
| 6:13 | Build | House |
| 6:18 | Create | Villager (Male) |
| 6:18 | Create | Villager (Male) |
| 6:42 | Create | Fishing Ship |
| 6:42 | Create | Fishing Ship |
| 6:43 | Create | Fishing Ship |
| 6:49 | Build | House |
| 6:57 | Create | Villager (Male) |
| 6:57 | Create | Villager (Male) |
| 7:14 | Create | Fishing Ship |
| 7:14 | Create | Fishing Ship |
| 7:31 | Create | Villager (Male) |
| 7:31 | Create | Villager (Male) |
| 7:57 | Create | Villager (Male) |
| 7:58 | Create | Villager (Male) |
| 8:05 | Create | Villager (Male) |
| 8:05 | Create | Villager (Male) |
| 8:23 | Create | Villager (Male) |
| 8:24 | Create | Fishing Ship |
| 8:24 | Create | Fishing Ship |
| 8:28 | Build | House |
| 8:52 | Create | Villager (Male) |
| 9:07 | Create | Villager (Male) |
| 9:08 | Create | Fishing Ship |
| 10:05 | Build | Dock |
| 10:14 | Create | Villager (Male) |
| 10:20 | Build | Lumber Camp |
| 10:54 | Research | Feudal Age |
| 11:09 | Build | Lumber Camp |
| 11:15 | Create | Villager (Male) |
| 11:21 | Create | Fishing Ship |
| 11:21 | Create | Fishing Ship |
| 12:18 | Create | Fishing Ship |
| 12:18 | Create | Fishing Ship |
| 12:19 | Create | Fishing Ship |
| 12:43 | Create | Fishing Ship |
| 13:04 | Build | House |
| 13:04 | Age | Feudal Age |
| 13:09 | Research | Double-Bit Axe |
| 13:23 | Build | House |
| 13:28 | Create | Villager (Male) |
| 13:44 | Create | Fishing Ship |
| 13:44 | Create | Fishing Ship |
| 13:46 | Create | Fishing Ship |
| 13:53 | Create | Villager (Male) |
| 14:15 | Create | Fishing Ship |
| 14:15 | Create | Fishing Ship |
| 14:19 | Create | Fishing Ship |
| 14:19 | Create | Fishing Ship |
| 14:22 | Create | Villager (Male) |
| 14:57 | Build | Mill |
| 14:59 | Create | Villager (Male) |
| 15:03 | Build | House |
| 15:11 | Build | House |
| 15:11 | Build | House |
| 15:45 | Create | Villager (Male) |
| 15:48 | Build | Market |
| 15:58 | Build | Blacksmith |
| 16:30 | Build | Dock |
| 16:45 | Create | Villager (Male) |
| 17:05 | Research | Castle Age |
| 17:05 | Research | Castle Age |
| 17:39 | Create | Fire Galley |
| 17:40 | Create | Fire Galley |
| 17:40 | Create | Fire Galley |
| 17:46 | Create | Fire Galley |
| 18:30 | Create | Fire Galley |
| 18:31 | Create | Fire Galley |
| 18:39 | Build | Dock |
| 18:59 | Create | Villager (Male) |
| 19:11 | Build | Dock |
| 19:37 | Create | Fire Galley |
| 19:37 | Create | Fire Galley |
| 19:38 | Create | Fire Galley |
| 19:39 | Create | Villager (Male) |
| 19:49 | Create | Fishing Ship |
| 19:50 | Age | Castle Age |
| 19:57 | Build | House |
| 20:01 | Build | House |
| 20:02 | Build | House |
| 20:23 | Create | Villager (Male) |
| 20:24 | Create | Villager (Male) |
| 20:24 | Create | Villager (Male) |
| 20:30 | Research | War Galley (upgrade) |
| 21:09 | Create | Villager (Male) |
| 21:19 | Research | Bow Saw |
| 21:59 | Create | Galley |
| 21:59 | Create | Galley |
| 22:00 | Create | Galley |
| 22:00 | Create | Galley |
| 22:16 | Create | Villager (Male) |
| 22:16 | Create | Villager (Male) |
| 22:43 | Create | Villager (Male) |
| 22:47 | Build | House |
| 22:52 | Create | Fishing Ship |
| 22:55 | Research | Tech 906 |
| 22:58 | Create | Fishing Ship |
| 23:05 | Create | Villager (Male) |
| 23:05 | Create | Villager (Male) |
| 24:06 | Create | Villager (Male) |
| 24:09 | Build | Town Center |
| 24:11 | Create | Villager (Male) |
| 24:11 | Create | Villager (Male) |
| 24:11 | Create | Villager (Male) |
| 24:21 | Research | Gillnets |
| 24:24 | Create | Transport Ship |
| 24:24 | Create | Transport Ship |
| 24:28 | Build | House |
| 24:29 | Build | House |
| 24:45 | Build | Dock |
| 24:58 | Build | House |
| 24:59 | Build | House |
| 25:13 | Build | Town Center |
| 25:15 | Create | Villager (Male) |
| 25:19 | Create | Villager (Male) |
| 25:22 | Research | Wheelbarrow |
| 25:38 | Create | Villager (Male) |
| 26:01 | Build | House |
| 26:02 | Build | House |
| 26:10 | Create | Villager (Male) |
| 26:23 | Create | Villager (Male) |
| 26:43 | Research | Horse Collar |
| 26:48 | Build | House |
| 26:49 | Build | House |
| 26:50 | Create | Villager (Male) |
| 27:05 | Create | Villager (Male) |
| 27:06 | Create | Villager (Male) |
| 27:06 | Create | Villager (Male) |
| 27:08 | Build | House |
Build order — Monsterkont
First 150 of 169 actions detected
| 0:23 | Build | Town Center |
| 1:14 | Build | Dock |
| 1:18 | Build | House |
| 2:52 | Create | Villager (Male) |
| 3:09 | Create | Villager (Male) |
| 3:35 | Create | Villager (Male) |
| 4:01 | Create | Fishing Ship |
| 4:02 | Create | Villager (Male) |
| 4:25 | Create | Villager (Male) |
| 4:41 | Build | House |
| 5:00 | Create | Villager (Male) |
| 5:25 | Create | Villager (Male) |
| 5:38 | Research | Loom |
| 6:03 | Create | Villager (Male) |
| 6:24 | Create | Villager (Male) |
| 6:35 | Build | House |
| 6:42 | Create | Villager (Male) |
| 7:00 | Create | Fishing Ship |
| 7:23 | Create | Villager (Male) |
| 7:45 | Create | Villager (Male) |
| 7:50 | Create | Fishing Ship |
| 8:10 | Build | House |
| 8:22 | Create | Villager (Male) |
| 8:22 | Create | Villager (Male) |
| 8:32 | Create | Fishing Ship |
| 9:02 | Create | Villager (Male) |
| 9:22 | Create | Villager (Male) |
| 9:40 | Create | Villager (Male) |
| 9:41 | Create | Villager (Male) |
| 9:42 | Build | House |
| 9:53 | Create | Fishing Ship |
| 10:04 | Create | Villager (Male) |
| 10:28 | Build | Dock |
| 10:31 | Create | Villager (Male) |
| 10:55 | Create | Villager (Male) |
| 11:01 | Build | House |
| 11:05 | Create | Fishing Ship |
| 11:12 | Create | Villager (Male) |
| 11:26 | Create | Fishing Ship |
| 11:41 | Build | Lumber Camp |
| 11:50 | Create | Fishing Ship |
| 12:19 | Research | Feudal Age |
| 12:26 | Build | Mining Camp |
| 13:06 | Build | House |
| 13:44 | Create | Fishing Ship |
| 13:45 | Create | Fishing Ship |
| 14:04 | Build | Barracks |
| 14:42 | Age | Feudal Age |
| 14:46 | Create | Villager (Male) |
| 14:54 | Create | Villager (Male) |
| 14:55 | Build | Blacksmith |
| 15:06 | Create | Unit 2626 |
| 15:20 | Create | Demolition Raft |
| 15:40 | Create | Demolition Raft |
| 15:45 | Create | Villager (Male) |
| 16:18 | Create | Galley |
| 16:28 | Create | Villager (Male) |
| 16:28 | Create | Villager (Male) |
| 16:47 | Create | Villager (Male) |
| 17:25 | Create | Villager (Male) |
| 17:35 | Build | Mill |
| 17:50 | Create | Villager (Male) |
| 18:05 | Create | Galley |
| 18:06 | Create | Galley |
| 18:07 | Create | Villager (Male) |
| 18:10 | Build | Market |
| 18:23 | Build | House |
| 18:27 | Research | Wheelbarrow |
| 18:57 | Research | Castle Age |
| 19:08 | Create | Demolition Raft |
| 19:47 | Create | Fire Galley |
| 19:48 | Create | Villager (Male) |
| 20:00 | Create | Demolition Raft |
| 20:44 | Create | Demolition Raft |
| 21:25 | Create | Fire Galley |
| 21:56 | Build | Mining Camp |
| 22:01 | Research | Double-Bit Axe |
| 22:22 | Build | House |
| 22:47 | Build | Stable |
| 23:02 | Age | Castle Age |
| 23:04 | Build | Town Center |
| 23:08 | Create | Villager (Male) |
| 23:08 | Create | Villager (Male) |
| 23:11 | Research | Bow Saw |
| 23:29 | Research | Husbandry |
| 23:58 | Create | Villager (Male) |
| 24:21 | Create | Villager (Male) |
| 24:21 | Create | Villager (Male) |
| 24:36 | Create | Knight ×2 |
| 24:52 | Create | Villager (Male) |
| 25:02 | Build | Building 673 |
| 25:44 | Create | Villager (Male) |
| 25:54 | Build | Castle |
| 26:07 | Create | Villager (Male) |
| 26:11 | Create | Villager (Male) |
| 26:11 | Create | Villager (Male) |
| 26:21 | Create | Villager (Male) |
| 26:38 | Build | Siege Workshop |
| 26:45 | Build | Town Center |
| 26:48 | Create | Villager (Male) |
| 27:10 | Create | Conquistador ×2 |
| 27:19 | Create | Villager (Male) |
| 27:27 | Create | Battering Ram |
| 27:37 | Build | Monastery |
| 27:49 | Create | Villager (Male) |
| 28:13 | Research | Fletching |
| 28:18 | Create | Villager (Male) |
| 28:40 | Create | Conquistador |
| 29:50 | Build | Castle |
| 30:23 | Create | Conquistador ×3 |
| 30:47 | Build | Watch Tower |
| 31:21 | Create | Villager (Male) |
| 31:23 | Create | Conquistador |
| 31:37 | Build | Watch Tower |
| 31:50 | Research | Bodkin Arrow |
| 32:53 | Create | Conquistador ×3 |
| 33:00 | Create | Missionary |
| 33:16 | Create | Conquistador |
| 34:01 | Create | Villager (Male) |
| 34:01 | Create | Villager (Male) |
| 34:40 | Create | Villager (Male) |
| 34:40 | Create | Villager (Male) |
| 34:54 | Build | Castle |
| 35:06 | Create | Conquistador |
| 35:17 | Create | Villager (Male) |
| 35:58 | Build | University |
| 36:16 | Build | Mining Camp |
| 36:28 | Create | Villager (Male) |
| 36:28 | Create | Villager (Male) |
| 36:39 | Build | Mill |
| 36:50 | Create | Villager (Male) |
| 37:18 | Build | Town Center |
| 37:38 | Create | Villager (Male) |
| 38:08 | Build | Mining Camp |
| 38:57 | Build | Lumber Camp |
| 39:19 | Create | Villager (Male) |
| 39:19 | Create | Villager (Male) |
| 39:33 | Research | Sanctity |
| 39:34 | Create | Monk ×5 |
| 39:37 | Create | Conquistador ×3 |
| 39:44 | Create | Villager (Male) |
| 39:53 | Build | House |
| 40:28 | Build | House |
| 40:28 | Build | House |
| 40:28 | Build | House |
| 40:29 | Build | House |
| 40:29 | Build | House |
| 40:46 | Build | House |
| 40:46 | Build | House |
| 40:46 | Build | House |
Build order — REIJR
First 150 of 341 actions detected
| 0:54 | Build | Town Center |
| 3:01 | Build | House |
| 3:18 | Research | Loom |
| 3:45 | Create | Villager (Male) |
| 3:45 | Create | Villager (Male) |
| 3:46 | Create | Villager (Male) |
| 3:46 | Create | Villager (Male) |
| 3:49 | Build | House |
| 4:53 | Create | Villager (Male) |
| 4:54 | Create | Villager (Male) |
| 6:06 | Build | Dock |
| 6:20 | Create | Villager (Male) |
| 6:20 | Create | Villager (Male) |
| 6:20 | Create | Villager (Male) |
| 6:21 | Create | Villager (Male) |
| 6:36 | Create | Villager (Male) |
| 7:31 | Create | Fishing Ship |
| 7:55 | Build | House |
| 8:07 | Build | House |
| 8:11 | Create | Villager (Male) |
| 8:11 | Create | Villager (Male) |
| 8:39 | Build | House |
| 8:46 | Create | Villager (Male) |
| 8:46 | Create | Villager (Male) |
| 8:47 | Create | Villager (Male) |
| 8:47 | Create | Villager (Male) |
| 9:06 | Create | Villager (Male) |
| 9:07 | Create | Fishing Ship |
| 9:41 | Create | Villager (Male) |
| 9:42 | Create | Villager (Male) |
| 9:42 | Create | Villager (Male) |
| 9:44 | Create | Fishing Ship |
| 9:45 | Create | Fishing Ship |
| 10:01 | Create | Villager (Male) |
| 10:07 | Create | Fishing Ship |
| 10:07 | Create | Fishing Ship |
| 10:49 | Create | Villager (Male) |
| 10:49 | Create | Villager (Male) |
| 10:56 | Create | Fishing Ship |
| 10:57 | Create | Fishing Ship |
| 10:58 | Build | House |
| 11:06 | Build | House |
| 11:07 | Build | House |
| 11:16 | Create | Villager (Male) |
| 11:16 | Create | Villager (Male) |
| 11:29 | Create | Fishing Ship |
| 12:04 | Build | Mill |
| 12:12 | Create | Villager (Male) |
| 12:12 | Create | Villager (Male) |
| 12:50 | Build | Lumber Camp |
| 13:18 | Research | Feudal Age |
| 13:35 | Build | House |
| 14:33 | Build | House |
| 14:34 | Build | House |
| 14:44 | Create | Fishing Ship |
| 14:45 | Create | Fishing Ship |
| 15:02 | Build | House |
| 15:48 | Build | Mining Camp |
| 15:56 | Age | Feudal Age |
| 16:04 | Build | Market |
| 16:08 | Create | Villager (Male) |
| 16:09 | Create | Villager (Male) |
| 16:11 | Create | Villager (Male) |
| 16:25 | Research | Double-Bit Axe |
| 16:28 | Research | Gold Mining |
| 16:56 | Build | Blacksmith |
| 17:29 | Build | House |
| 17:35 | Research | Castle Age |
| 17:49 | Build | House |
| 17:58 | Build | House |
| 18:01 | Build | House |
| 18:12 | Build | Mining Camp |
| 18:33 | Research | Stone Mining |
| 18:49 | Build | Barracks |
| 18:55 | Create | Villager (Male) |
| 18:56 | Create | Villager (Male) |
| 18:56 | Create | Villager (Male) |
| 19:15 | Build | House |
| 19:16 | Build | House |
| 19:18 | Build | House |
| 19:23 | Create | Villager (Male) |
| 19:23 | Create | Villager (Male) |
| 20:15 | Age | Castle Age |
| 20:21 | Build | Town Center |
| 20:27 | Create | Villager (Male) |
| 20:28 | Create | Villager (Male) |
| 20:40 | Build | Town Center |
| 20:53 | Create | Villager (Male) |
| 20:53 | Create | Villager (Male) |
| 20:54 | Create | Villager (Male) |
| 20:59 | Create | Villager (Male) |
| 21:00 | Create | Villager (Male) |
| 21:40 | Create | Villager (Male) |
| 21:41 | Create | Villager (Male) |
| 21:42 | Research | Bow Saw |
| 21:58 | Create | Villager (Male) |
| 22:02 | Create | Villager (Male) |
| 22:03 | Create | Villager (Male) |
| 22:03 | Create | Villager (Male) |
| 22:26 | Build | Town Center |
| 22:30 | Create | Villager (Male) |
| 22:31 | Create | Villager (Male) |
| 22:32 | Create | Villager (Male) |
| 22:32 | Create | Villager (Male) |
| 22:47 | Create | Villager (Male) |
| 22:47 | Create | Villager (Male) |
| 22:47 | Create | Villager (Male) |
| 22:53 | Build | Archery Range |
| 23:20 | Build | Farm |
| 23:21 | Build | Farm |
| 23:23 | Build | Farm |
| 23:25 | Build | Farm |
| 23:26 | Build | Farm |
| 23:27 | Build | Farm |
| 23:30 | Create | Villager (Male) |
| 23:30 | Create | Villager (Male) |
| 23:30 | Create | Villager (Male) |
| 23:47 | Build | Stone Wall |
| 23:59 | Build | Farm |
| 24:01 | Build | Farm |
| 24:02 | Build | Farm |
| 24:03 | Build | Farm |
| 24:03 | Build | Farm |
| 24:08 | Create | Villager (Male) |
| 24:08 | Create | Villager (Male) |
| 24:20 | Create | Villager (Male) |
| 24:20 | Create | Villager (Male) |
| 24:23 | Build | Farm |
| 24:28 | Create | Villager (Male) |
| 24:29 | Create | Villager (Male) |
| 24:31 | Build | Farm |
| 24:36 | Create | Fire Lancer |
| 24:36 | Create | Fire Lancer |
| 24:38 | Create | Villager (Male) |
| 24:45 | Build | Stone Wall |
| 24:51 | Create | Villager (Male) |
| 24:51 | Create | Villager (Male) |
| 24:58 | Create | Villager (Male) |
| 24:58 | Create | Villager (Male) |
| 24:58 | Create | Villager (Male) |
| 24:58 | Create | Villager (Male) |
| 24:59 | Create | Villager (Male) |
| 24:59 | Create | Villager (Male) |
| 24:59 | Create | Villager (Male) |
| 24:59 | Create | Villager (Male) |
| 25:00 | Create | Villager (Male) |
| 25:00 | Create | Villager (Male) |
| 25:00 | Create | Villager (Male) |
| 25:01 | Create | Villager (Male) |
| 25:12 | Build | House |
Build order — gogogo
First 150 of 442 actions detected
| 0:39 | Build | Town Center |
| 1:47 | Build | House |
| 2:34 | Build | Dock |
| 3:08 | Create | Villager (Male) |
| 3:08 | Create | Villager (Male) |
| 3:08 | Create | Villager (Male) |
| 3:08 | Create | Villager (Male) |
| 3:09 | Create | Villager (Male) |
| 3:22 | Create | Fishing Ship |
| 3:22 | Create | Fishing Ship |
| 4:19 | Create | Villager (Male) |
| 4:20 | Create | Villager (Male) |
| 4:38 | Build | House |
| 4:55 | Create | Villager (Male) |
| 4:55 | Create | Villager (Male) |
| 5:24 | Create | Fishing Ship |
| 5:27 | Create | Villager (Male) |
| 5:28 | Create | Villager (Male) |
| 6:08 | Create | Villager (Male) |
| 6:11 | Create | Fishing Ship |
| 6:11 | Create | Fishing Ship |
| 6:22 | Build | House |
| 6:38 | Create | Villager (Male) |
| 6:50 | Create | Villager (Male) |
| 6:51 | Create | Villager (Male) |
| 7:09 | Build | House |
| 7:17 | Create | Fishing Ship |
| 7:17 | Create | Fishing Ship |
| 7:33 | Build | House |
| 7:44 | Create | Villager (Male) |
| 7:44 | Create | Villager (Male) |
| 7:54 | Create | Fishing Ship |
| 7:54 | Create | Fishing Ship |
| 7:59 | Build | Palisade Wall |
| 8:24 | Build | House |
| 8:30 | Create | Villager (Male) ×3 |
| 8:39 | Create | Fishing Ship |
| 8:39 | Create | Fishing Ship |
| 9:02 | Build | Palisade Wall |
| 9:04 | Build | Palisade Wall |
| 9:20 | Create | Fishing Ship |
| 9:20 | Create | Fishing Ship |
| 9:47 | Create | Villager (Male) |
| 9:47 | Create | Villager (Male) |
| 10:12 | Create | Fishing Ship |
| 10:12 | Create | Fishing Ship |
| 10:12 | Create | Fishing Ship |
| 10:45 | Build | Mill |
| 10:54 | Create | Villager (Male) |
| 11:01 | Create | Fishing Ship |
| 11:01 | Create | Fishing Ship |
| 11:19 | Research | Feudal Age |
| 11:20 | Research | Feudal Age |
| 11:36 | Create | Fishing Ship |
| 12:18 | Build | Dock |
| 12:51 | Create | Villager (Male) |
| 12:51 | Create | Villager (Male) |
| 13:11 | Build | House |
| 13:16 | Create | Fishing Ship |
| 13:23 | Age | Feudal Age |
| 13:31 | Build | Market |
| 14:06 | Create | Villager (Male) |
| 14:17 | Build | Blacksmith |
| 14:21 | Create | Villager (Male) |
| 14:29 | Create | Fishing Ship |
| 14:40 | Create | Villager (Male) |
| 14:49 | Create | Fishing Ship |
| 15:10 | Research | Castle Age |
| 15:11 | Research | Castle Age |
| 15:11 | Research | Castle Age |
| 15:22 | Create | Fishing Ship |
| 15:23 | Create | Fishing Ship |
| 15:30 | Build | Lumber Camp |
| 15:53 | Research | Double-Bit Axe |
| 16:04 | Build | House |
| 16:15 | Build | House |
| 16:37 | Research | Tech 906 |
| 17:02 | Research | Loom |
| 17:02 | Research | Loom |
| 17:16 | Research | Horse Collar |
| 17:42 | Age | Castle Age |
| 17:46 | Create | Villager (Male) |
| 17:46 | Create | Villager (Male) |
| 17:49 | Research | Bow Saw |
| 17:53 | Build | Town Center |
| 18:03 | Research | Wheelbarrow |
| 18:03 | Research | Wheelbarrow |
| 18:09 | Research | Gillnets |
| 18:36 | Build | Town Center |
| 18:51 | Create | Fishing Ship |
| 18:52 | Create | Fishing Ship |
| 18:52 | Create | Fishing Ship |
| 18:59 | Create | Villager (Male) |
| 19:00 | Create | Villager (Male) |
| 19:00 | Create | Villager (Male) |
| 19:00 | Create | Villager (Male) |
| 19:01 | Create | Villager (Male) |
| 19:01 | Create | Villager (Male) |
| 19:01 | Create | Villager (Male) |
| 19:01 | Create | Villager (Male) |
| 19:26 | Create | Villager (Male) |
| 19:26 | Create | Villager (Male) |
| 19:38 | Create | Villager (Male) ×5 |
| 19:50 | Build | Dock |
| 19:53 | Create | Villager (Male) |
| 19:54 | Create | Villager (Male) |
| 19:54 | Create | Villager (Male) |
| 19:54 | Create | Villager (Male) |
| 19:55 | Create | Villager (Male) |
| 19:55 | Create | Villager (Male) |
| 19:55 | Create | Villager (Male) |
| 19:56 | Create | Villager (Male) |
| 19:56 | Create | Villager (Male) |
| 19:56 | Create | Villager (Male) |
| 19:56 | Create | Villager (Male) |
| 20:12 | Build | Palisade Wall |
| 20:19 | Create | Villager (Male) |
| 20:34 | Build | House |
| 20:37 | Create | Fire Galley |
| 20:37 | Create | Fire Galley |
| 20:47 | Create | Villager (Male) |
| 20:48 | Create | Villager (Male) |
| 20:52 | Build | Mining Camp |
| 21:06 | Build | Lumber Camp |
| 21:11 | Build | House |
| 21:27 | Create | Villager (Male) |
| 21:27 | Create | Villager (Male) |
| 21:28 | Create | Villager (Male) |
| 21:28 | Create | Villager (Male) |
| 21:37 | Build | Mining Camp |
| 21:47 | Build | House |
| 21:47 | Build | House |
| 21:48 | Build | House |
| 21:49 | Build | House |
| 22:39 | Create | Villager (Male) |
| 22:39 | Create | Villager (Male) |
| 22:39 | Create | Villager (Male) |
| 22:40 | Create | Villager (Male) |
| 22:40 | Create | Villager (Male) |
| 22:40 | Create | Villager (Male) |
| 22:40 | Create | Villager (Male) |
| 22:46 | Build | Monastery |
| 22:51 | Build | University |
| 23:13 | Create | Demolition Raft |
| 23:13 | Create | Demolition Raft |
| 23:33 | Create | Fishing Ship |
| 23:34 | Create | Fishing Ship |
| 23:40 | Build | Barracks |
| 23:43 | Create | Villager (Male) |
| 23:43 | Create | Villager (Male) |
Build order — ash_928
First 150 of 209 actions detected
| 0:39 | Build | Town Center |
| 3:03 | Create | Villager (Male) |
| 3:03 | Create | Villager (Male) |
| 3:03 | Create | Villager (Male) |
| 3:03 | Create | Villager (Male) |
| 3:31 | Build | House |
| 3:32 | Research | Loom |
| 3:37 | Research | Loom |
| 4:00 | Create | Villager (Male) |
| 4:01 | Create | Villager (Male) |
| 4:01 | Create | Villager (Male) |
| 4:05 | Build | House |
| 4:57 | Create | Villager (Male) |
| 4:58 | Create | Villager (Male) |
| 5:44 | Build | Dock |
| 5:51 | Create | Villager (Male) |
| 5:51 | Create | Villager (Male) |
| 5:51 | Create | Villager (Male) |
| 6:38 | Create | Villager (Male) |
| 6:38 | Create | Villager (Male) |
| 7:14 | Build | House |
| 7:24 | Create | Villager (Male) |
| 7:24 | Create | Villager (Male) |
| 7:24 | Create | Villager (Male) |
| 7:29 | Create | Villager (Male) |
| 7:29 | Create | Villager (Male) |
| 8:17 | Create | Villager (Male) |
| 8:17 | Create | Villager (Male) |
| 8:17 | Create | Villager (Male) |
| 8:54 | Create | Villager (Male) |
| 8:54 | Create | Villager (Male) |
| 9:13 | Create | Fishing Ship |
| 9:37 | Build | House |
| 9:49 | Create | Villager (Male) |
| 9:50 | Create | Villager (Male) |
| 9:50 | Create | Villager (Male) |
| 10:19 | Create | Fishing Ship |
| 10:41 | Build | House |
| 10:51 | Create | Villager (Male) |
| 10:52 | Create | Villager (Male) |
| 10:52 | Create | Villager (Male) |
| 10:52 | Create | Villager (Male) |
| 11:01 | Build | House |
| 11:42 | Build | Mill |
| 12:29 | Research | Feudal Age |
| 13:04 | Build | House |
| 13:05 | Build | Barracks |
| 13:32 | Create | Fishing Ship |
| 14:55 | Build | House |
| 14:59 | Age | Feudal Age |
| 15:09 | Build | Market |
| 15:16 | Create | Villager (Male) |
| 15:16 | Create | Villager (Male) |
| 15:16 | Create | Villager (Male) |
| 15:17 | Create | Villager (Male) |
| 15:29 | Build | Blacksmith |
| 15:48 | Build | House |
| 16:14 | Research | Castle Age |
| 16:20 | Build | Lumber Camp |
| 16:34 | Build | Palisade Gate |
| 17:05 | Create | Eagle Scout |
| 17:05 | Create | Eagle Scout |
| 17:05 | Create | Eagle Scout |
| 17:22 | Research | Scale Mail Armor |
| 17:27 | Research | Double-Bit Axe |
| 17:44 | Research | Forging |
| 17:52 | Create | Eagle Scout |
| 17:52 | Create | Eagle Scout |
| 18:02 | Build | Barracks |
| 18:04 | Build | House |
| 19:11 | Age | Castle Age |
| 19:17 | Create | Villager (Male) |
| 19:17 | Create | Villager (Male) |
| 19:21 | Research | Eagle Warrior (upgrade) |
| 19:24 | Research | Squires |
| 19:33 | Build | Town Center |
| 19:46 | Create | Eagle Scout |
| 19:47 | Create | Eagle Scout |
| 20:08 | Create | Fishing Ship |
| 20:29 | Create | Eagle Scout |
| 20:29 | Create | Eagle Scout |
| 20:43 | Build | Town Center |
| 21:47 | Build | Lumber Camp |
| 21:57 | Build | Palisade Wall |
| 22:02 | Build | Building 796 |
| 22:25 | Research | Arson |
| 22:33 | Build | Farm |
| 22:33 | Build | Farm |
| 22:33 | Build | Farm |
| 22:33 | Build | Farm |
| 22:36 | Create | Villager (Male) |
| 22:39 | Create | Villager (Male) |
| 22:39 | Create | Villager (Male) |
| 23:00 | Build | House |
| 23:22 | Create | Fishing Ship |
| 23:32 | Build | Lumber Camp |
| 23:44 | Build | Mill |
| 24:23 | Research | Horse Collar |
| 24:26 | Create | Villager (Male) |
| 24:26 | Create | Villager (Male) |
| 24:26 | Create | Villager (Male) |
| 24:26 | Create | Villager (Male) |
| 24:29 | Build | Farm |
| 24:29 | Build | Farm |
| 24:30 | Build | Farm |
| 24:30 | Build | Farm |
| 24:31 | Build | Farm |
| 24:34 | Create | Villager (Male) |
| 24:37 | Create | Villager (Male) |
| 24:38 | Create | Villager (Male) |
| 24:58 | Research | Bow Saw |
| 25:02 | Build | Farm |
| 25:09 | Create | Villager (Male) |
| 25:09 | Create | Villager (Male) |
| 25:32 | Build | House |
| 25:39 | Build | House |
| 25:41 | Build | House |
| 25:43 | Build | House |
| 25:52 | Create | Villager (Male) |
| 25:52 | Create | Villager (Male) |
| 25:52 | Create | Villager (Male) |
| 25:53 | Create | Villager (Male) |
| 25:53 | Create | Villager (Male) |
| 26:45 | Create | Villager (Male) |
| 26:46 | Create | Villager (Male) |
| 26:46 | Create | Villager (Male) |
| 26:46 | Create | Villager (Male) |
| 27:16 | Build | Town Center |
| 27:39 | Create | Villager (Male) |
| 27:39 | Create | Villager (Male) |
| 27:39 | Create | Villager (Male) |
| 27:39 | Create | Villager (Male) |
| 27:40 | Create | Villager (Male) |
| 27:40 | Create | Villager (Male) |
| 28:00 | Build | Building 487 |
| 28:04 | Build | House |
| 28:05 | Build | House |
| 28:15 | Research | Chain Mail Armor |
| 28:15 | Research | Iron Casting |
| 28:27 | Create | Villager (Male) |
| 28:29 | Create | Villager (Male) |
| 28:29 | Create | Villager (Male) |
| 28:32 | Create | Villager (Male) |
| 28:32 | Create | Villager (Male) |
| 29:08 | Create | Eagle Scout |
| 29:09 | Create | Eagle Scout |
| 29:09 | Create | Eagle Scout |
| 29:09 | Create | Eagle Scout |
| 29:09 | Create | Eagle Scout |
| 30:40 | Build | Town Center |
Build order — Dani aus Weila
First 150 of 163 actions detected
| 0:33 | Build | Town Center |
| 1:49 | Build | Dock |
| 1:59 | Build | House |
| 3:06 | Create | Villager (Male) |
| 3:06 | Create | Villager (Male) |
| 3:06 | Create | Villager (Male) |
| 3:48 | Create | Villager (Male) |
| 4:12 | Create | Fishing Ship |
| 4:49 | Create | Villager (Male) |
| 4:52 | Research | Loom |
| 5:16 | Build | House |
| 5:27 | Create | Villager (Male) |
| 5:51 | Create | Fishing Ship |
| 5:55 | Create | Villager (Male) |
| 6:30 | Create | Villager (Male) |
| 6:31 | Create | Villager (Male) |
| 6:40 | Build | House |
| 6:45 | Create | Villager (Male) |
| 7:23 | Create | Villager (Male) |
| 7:24 | Create | Fishing Ship |
| 8:00 | Create | Villager (Male) |
| 8:02 | Create | Fishing Ship |
| 8:26 | Create | Villager (Male) |
| 8:34 | Build | House |
| 8:39 | Create | Villager (Male) |
| 8:40 | Create | Fishing Ship |
| 9:05 | Create | Villager (Male) |
| 9:08 | Create | Fishing Ship |
| 9:31 | Create | Villager (Male) |
| 10:05 | Create | Villager (Male) |
| 10:26 | Build | Mining Camp |
| 10:33 | Build | Mill |
| 10:57 | Research | Feudal Age |
| 12:42 | Build | Dock |
| 12:54 | Build | House |
| 13:06 | Create | Villager (Male) |
| 13:06 | Create | Villager (Male) |
| 13:07 | Age | Feudal Age |
| 13:21 | Create | Unit 2626 |
| 13:39 | Build | House |
| 13:43 | Create | Unit 2626 |
| 14:02 | Create | Unit 2626 |
| 14:06 | Create | Unit 2626 |
| 14:09 | Create | Villager (Male) |
| 14:09 | Create | Villager (Male) |
| 14:24 | Build | Blacksmith |
| 14:29 | Build | House |
| 14:58 | Create | Unit 2626 |
| 15:33 | Create | Villager (Male) |
| 15:33 | Create | Villager (Male) |
| 16:30 | Create | Unit 2626 |
| 16:46 | Build | Market |
| 17:28 | Create | Unit 2626 |
| 17:34 | Create | Unit 2626 |
| 17:54 | Create | Fire Galley |
| 17:56 | Research | Castle Age |
| 18:10 | Build | Lumber Camp |
| 18:29 | Create | Fire Galley |
| 18:52 | Research | Fletching |
| 20:31 | Create | Villager (Male) |
| 20:36 | Age | Castle Age |
| 20:41 | Research | Double-Bit Axe |
| 21:15 | Create | Fire Galley |
| 21:18 | Create | Unit 2626 |
| 21:19 | Create | Unit 2626 |
| 21:29 | Create | Villager (Male) |
| 21:29 | Create | Villager (Male) |
| 21:40 | Build | Town Center |
| 22:11 | Create | Villager (Male) |
| 22:12 | Create | Villager (Male) |
| 22:24 | Build | House |
| 22:26 | Research | Tech 906 |
| 23:38 | Create | Villager (Male) |
| 23:48 | Research | Gold Mining |
| 23:53 | Build | Farm |
| 24:00 | Build | House |
| 24:24 | Build | Dock |
| 24:29 | Create | Fishing Ship |
| 24:29 | Create | Fishing Ship |
| 24:42 | Research | Gillnets |
| 24:44 | Create | Villager (Male) |
| 24:45 | Create | Villager (Male) |
| 24:49 | Build | Farm |
| 24:51 | Build | Farm |
| 24:52 | Build | Farm |
| 24:55 | Build | Farm |
| 24:57 | Build | Farm |
| 25:00 | Create | Villager (Male) |
| 25:13 | Build | Barracks |
| 25:21 | Research | Wheelbarrow |
| 25:39 | Build | Farm |
| 25:43 | Build | Farm |
| 26:51 | Create | Villager (Male) |
| 26:51 | Create | Villager (Male) |
| 26:55 | Research | Stone Mining |
| 27:02 | Create | Fishing Ship |
| 27:02 | Create | Fishing Ship |
| 27:10 | Build | House |
| 28:21 | Build | Castle |
| 29:12 | Build | Stone Wall |
| 29:33 | Build | Town Center |
| 29:43 | Build | Building 487 |
| 29:50 | Build | Stone Wall |
| 30:12 | Build | Stone Wall |
| 30:29 | Create | Genoese Crossbowman |
| 30:29 | Create | Genoese Crossbowman |
| 30:30 | Create | Genoese Crossbowman |
| 30:53 | Build | Siege Workshop |
| 31:02 | Create | Genoese Crossbowman |
| 31:35 | Build | Stone Wall |
| 31:44 | Create | Genoese Crossbowman |
| 31:45 | Create | Genoese Crossbowman |
| 32:18 | Research | Bow Saw |
| 32:19 | Create | Villager (Male) |
| 32:19 | Create | Villager (Male) |
| 32:20 | Create | Villager (Male) |
| 32:20 | Create | Villager (Male) |
| 32:27 | Create | Battering Ram |
| 32:35 | Create | Villager (Male) |
| 33:24 | Create | Genoese Crossbowman |
| 33:24 | Create | Genoese Crossbowman |
| 34:00 | Build | Castle |
| 34:07 | Create | Villager (Male) |
| 34:08 | Create | Villager (Male) |
| 34:08 | Create | Villager (Male) |
| 34:08 | Create | Villager (Male) |
| 36:38 | Build | Town Center |
| 37:26 | Build | Lumber Camp |
| 37:29 | Create | Villager (Male) |
| 37:30 | Create | Villager (Male) |
| 37:30 | Create | Villager (Male) |
| 37:31 | Create | Villager (Male) |
| 37:32 | Create | Villager (Male) |
| 37:57 | Create | Villager (Male) ×5 |
| 38:03 | Research | Stone Shaft Mining |
| 38:49 | Build | Town Center |
| 39:04 | Build | Castle |
| 39:17 | Research | Hand Cart |
| 40:10 | Create | Villager (Male) ×5 |
| 40:13 | Create | Genoese Crossbowman ×5 |
| 40:33 | Build | Town Center |
| 40:38 | Create | Villager (Male) ×5 |
| 40:50 | Build | House |
| 40:51 | Build | House |
| 40:53 | Build | House |
| 41:52 | Research | Imperial Age |
| 42:01 | Build | Farm |
| 42:07 | Build | Farm |
| 42:09 | Build | Farm |
| 42:12 | Create | Villager (Male) |
Build order — 3ScarFac3
First 150 of 193 actions detected
| 0:51 | Build | Town Center |
| 2:04 | Build | Dock |
| 2:08 | Build | House |
| 3:04 | Create | Villager (Male) |
| 3:04 | Create | Villager (Male) |
| 3:05 | Create | Villager (Male) |
| 3:05 | Create | Villager (Male) |
| 3:05 | Create | Villager (Male) |
| 4:24 | Create | Fishing Ship |
| 4:24 | Create | Fishing Ship |
| 4:47 | Build | House |
| 5:08 | Create | Villager (Male) |
| 5:17 | Create | Villager (Male) |
| 5:17 | Create | Villager (Male) |
| 5:51 | Create | Villager (Male) |
| 5:51 | Create | Villager (Male) |
| 5:53 | Create | Villager (Male) |
| 5:53 | Create | Villager (Male) |
| 6:23 | Create | Villager (Male) |
| 6:55 | Create | Villager (Male) |
| 6:57 | Create | Fishing Ship |
| 6:57 | Create | Fishing Ship |
| 7:07 | Build | House |
| 7:21 | Create | Villager (Male) |
| 7:21 | Create | Villager (Male) |
| 7:47 | Create | Villager (Male) |
| 8:15 | Create | Fishing Ship |
| 8:15 | Create | Fishing Ship |
| 8:30 | Build | House |
| 8:37 | Create | Villager (Male) |
| 8:38 | Create | Villager (Male) |
| 8:57 | Create | Fishing Ship |
| 9:31 | Create | Villager (Male) |
| 9:32 | Create | Villager (Male) |
| 9:34 | Create | Fishing Ship |
| 10:10 | Build | Mill |
| 10:18 | Create | Villager (Male) |
| 10:31 | Build | House |
| 10:42 | Create | Villager (Male) |
| 10:49 | Create | Villager (Male) |
| 10:52 | Create | Fishing Ship |
| 11:37 | Build | Dock |
| 12:05 | Research | Feudal Age |
| 12:05 | Research | Feudal Age |
| 12:43 | Build | Mining Camp |
| 13:03 | Create | Fishing Ship |
| 13:07 | Create | Fishing Ship |
| 13:14 | Build | House |
| 13:19 | Build | House |
| 13:46 | Create | Villager (Male) |
| 13:47 | Create | Villager (Male) |
| 14:15 | Age | Feudal Age |
| 14:24 | Build | Market |
| 14:30 | Build | Palisade Wall |
| 14:40 | Create | Villager (Male) |
| 15:10 | Build | Blacksmith |
| 15:38 | Build | House |
| 15:46 | Research | Castle Age |
| 15:56 | Research | Horse Collar |
| 15:56 | Research | Horse Collar |
| 16:20 | Create | Unit 2626 |
| 16:20 | Create | Unit 2626 |
| 16:31 | Create | Fishing Ship |
| 16:31 | Create | Fishing Ship |
| 16:56 | Create | Demolition Raft |
| 17:15 | Build | Palisade Wall |
| 17:22 | Create | Villager (Male) |
| 17:23 | Create | Villager (Male) |
| 18:00 | Build | House |
| 18:18 | Build | House |
| 18:21 | Build | Palisade Wall |
| 18:26 | Age | Castle Age |
| 18:32 | Build | House |
| 19:07 | Build | Castle |
| 19:18 | Research | Loom |
| 19:51 | Create | Villager (Male) |
| 19:52 | Create | Villager (Male) |
| 20:55 | Build | Siege Workshop |
| 21:04 | Create | Villager (Male) |
| 21:04 | Create | Villager (Male) |
| 21:20 | Create | Villager (Male) |
| 21:21 | Create | Villager (Male) |
| 22:00 | Build | House |
| 22:41 | Create | Villager (Male) |
| 22:41 | Create | Villager (Male) |
| 22:50 | Build | Farm |
| 22:51 | Build | Farm |
| 22:52 | Build | Farm |
| 22:54 | Build | Farm |
| 23:02 | Build | Stone Wall |
| 23:12 | Build | Farm |
| 23:14 | Build | Farm |
| 23:14 | Build | Farm |
| 23:46 | Build | Building 665 |
| 24:11 | Build | House |
| 24:12 | Create | Villager (Male) |
| 24:35 | Build | Farm |
| 24:36 | Create | Villager (Male) |
| 24:36 | Create | Villager (Male) |
| 24:41 | Build | Farm |
| 25:23 | Create | Villager (Male) |
| 25:23 | Create | Villager (Male) |
| 25:40 | Create | Villager (Male) |
| 25:41 | Create | Villager (Male) |
| 26:16 | Create | Villager (Male) |
| 26:22 | Create | Villager (Male) |
| 26:25 | Create | Villager (Male) |
| 26:47 | Create | Villager (Male) |
| 27:35 | Build | Town Center |
| 28:20 | Build | Town Center |
| 28:23 | Create | Villager (Male) |
| 28:24 | Create | Villager (Male) |
| 28:32 | Build | Siege Workshop |
| 29:01 | Build | Farm |
| 29:06 | Create | Villager (Male) |
| 29:07 | Create | Villager (Male) |
| 29:09 | Create | Villager (Male) |
| 29:09 | Create | Villager (Male) |
| 29:09 | Create | Villager (Male) |
| 29:39 | Create | Villager (Male) |
| 29:39 | Create | Villager (Male) |
| 30:24 | Create | Villager (Male) |
| 30:24 | Create | Villager (Male) |
| 30:58 | Create | Villager (Male) |
| 30:58 | Create | Villager (Male) |
| 31:48 | Build | Town Center |
| 32:39 | Build | Town Center |
| 33:08 | Build | Town Center |
| 33:11 | Create | Villager (Male) |
| 33:12 | Create | Villager (Male) |
| 33:33 | Build | Farm |
| 33:36 | Build | Farm |
| 33:37 | Build | Farm |
| 33:37 | Build | Farm |
| 33:37 | Build | Farm |
| 33:37 | Build | Farm |
| 33:38 | Build | Farm |
| 33:45 | Build | Farm |
| 33:45 | Build | Farm |
| 33:46 | Build | Farm |
| 33:46 | Build | Farm |
| 33:53 | Create | Villager (Male) |
| 33:53 | Create | Villager (Male) |
| 33:54 | Create | Villager (Male) |
| 34:01 | Build | Farm |
| 34:02 | Build | Farm |
| 34:07 | Build | Farm |
| 34:21 | Build | Farm |
| 34:28 | Create | Villager (Male) |
| 34:28 | Create | Villager (Male) |
Match timeline
| 1:08 | drkbeer · first_building Dock |
| 1:14 | Monsterkont · first_building Dock |
| 1:49 | Dani aus Weila · first_building Dock |
| 2:04 | 3ScarFac3 · first_building Dock |
| 2:34 | gogogo · first_building Dock |
| 3:55 | SPQR_BrutusTV · first_building Dock |
| 5:44 | ash_928 · first_building Dock |
| 6:06 | REIJR · first_building Dock |
| 7:59 | gogogo · wall_segment Palisade Wall x1 |
| 9:02 | gogogo · wall_segment Palisade Wall x1 |
| 9:04 | gogogo · wall_segment Palisade Wall x1 |
| 9:35 | SPQR_BrutusTV · wall_segment Palisade Wall x10 |
| 9:38 | SPQR_BrutusTV · wall_segment Palisade Wall x2 |
| 12:16 | SPQR_BrutusTV · first_building Barracks |
| 13:04 | drkbeer · age_up feudal |
| 13:05 | ash_928 · first_building Barracks |
| 13:07 | Dani aus Weila · age_up feudal |
| 13:23 | gogogo · age_up feudal |
| 14:04 | Monsterkont · first_building Barracks |
| 14:14 | SPQR_BrutusTV · age_up feudal |
| 14:15 | 3ScarFac3 · age_up feudal |
| 14:17 | SPQR_BrutusTV · first_building Archery Range |
| 14:30 | 3ScarFac3 · wall_segment Palisade Wall x2 |
| 14:42 | Monsterkont · age_up feudal |
| 14:59 | ash_928 · age_up feudal |
| 15:56 | REIJR · age_up feudal |
| 17:15 | 3ScarFac3 · wall_segment Palisade Wall x1 |
| 17:42 | gogogo · age_up castle |
| 18:21 | 3ScarFac3 · wall_segment Palisade Wall x1 |
| 18:26 | 3ScarFac3 · age_up castle |
| 18:40 | 3ScarFac3 · first_market_sell 500 food |
| 18:43 | 3ScarFac3 · first_market_buy 100 stone |
| 18:49 | REIJR · first_building Barracks |
| 18:55 | Monsterkont · first_market_sell 100 food |
| 19:07 | 3ScarFac3 · first_building Castle |
| 19:11 | ash_928 · age_up castle |
| 19:50 | drkbeer · age_up castle |
| 20:12 | gogogo · wall_segment Palisade Wall x10 |
| 20:15 | REIJR · age_up castle |
| 20:36 | Dani aus Weila · age_up castle |
| 20:55 | 3ScarFac3 · first_building Siege Workshop |
| 21:57 | ash_928 · wall_segment Palisade Wall x9 |
| 21:59 | SPQR_BrutusTV · wall_segment Stone Wall x12 |
| 22:23 | REIJR · first_market_buy 100 wood |
| 22:46 | gogogo · first_building Monastery |
| 22:47 | Monsterkont · first_building Stable |
| 22:53 | REIJR · first_building Archery Range |
| 23:02 | 3ScarFac3 · wall_segment Stone Wall x6 |
| 23:02 | Monsterkont · age_up castle |
| 23:14 | SPQR_BrutusTV · age_up castle |
| 23:24 | Monsterkont · first_market_buy 100 food |
| 23:40 | gogogo · first_building Barracks |
| 23:47 | REIJR · wall_segment Stone Wall x12 |
| 24:04 | SPQR_BrutusTV · first_building Siege Workshop |
| 24:45 | REIJR · wall_segment Stone Wall x6 |
| 25:13 | Dani aus Weila · first_building Barracks |
| 25:54 | Monsterkont · first_building Castle |
| 26:28 | gogogo · first_building Stable |
| 26:37 | REIJR · first_building Castle |
| 26:38 | Monsterkont · first_building Siege Workshop |
| 26:44 | gogogo · first_market_buy 100 food |
| 26:49 | REIJR · first_building Monastery |
| 26:50 | gogogo · first_market_sell 100 wood |
| 27:25 | drkbeer · first_market_buy 100 stone |
| 27:30 | ash_928 · tribute_sent a jugador 1 |
| 27:30 | ash_928 · tribute_sent a jugador 2 |
| 27:30 | ash_928 · tribute_sent a jugador 3 |
| 27:30 | ash_928 · tribute_sent a jugador 4 |
| 27:30 | ash_928 · tribute_sent a jugador 5 |
| 27:30 | ash_928 · tribute_sent a jugador 7 |
| 27:30 | ash_928 · tribute_sent a jugador 8 |
| 27:33 | drkbeer · first_market_sell 100 food |
| 27:37 | Monsterkont · first_building Monastery |
| 27:58 | Dani aus Weila · first_market_buy 100 stone |
| 27:58 | REIJR · tribute_sent a jugador 1 |
| 27:58 | REIJR · tribute_sent a jugador 2 |
| 27:58 | REIJR · tribute_sent a jugador 3 |
| 27:58 | REIJR · tribute_sent a jugador 5 |
| 27:58 | REIJR · tribute_sent a jugador 6 |
| 27:58 | REIJR · tribute_sent a jugador 7 |
| 27:58 | REIJR · tribute_sent a jugador 8 |
| 28:21 | Dani aus Weila · first_building Castle |
| 28:44 | drkbeer · first_building Castle |
| 29:07 | drkbeer · first_building Siege Workshop |
| 29:12 | Dani aus Weila · wall_segment Stone Wall x1 |
| 29:35 | REIJR · first_market_sell 100 wood |
| 29:45 | gogogo · age_up imperial |
| 29:50 | Dani aus Weila · wall_segment Stone Wall x1 |
| 30:12 | Dani aus Weila · wall_segment Stone Wall x4 |
| 30:53 | Dani aus Weila · first_building Siege Workshop |
| 31:17 | REIJR · tribute_sent a jugador 1 |
| 31:17 | REIJR · tribute_sent a jugador 2 |
| 31:17 | REIJR · tribute_sent a jugador 3 |
| 31:17 | REIJR · tribute_sent a jugador 5 |
| 31:17 | REIJR · tribute_sent a jugador 6 |
| 31:17 | REIJR · tribute_sent a jugador 7 |
| 31:17 | REIJR · tribute_sent a jugador 8 |
| 31:35 | Dani aus Weila · wall_segment Stone Wall x3 |
| 32:15 | ash_928 · first_market_buy 100 stone |
| 32:21 | ash_928 · first_building Castle |
| 32:53 | REIJR · age_up imperial |
| 32:53 | gogogo · first_building Castle |
| 32:55 | Dani aus Weila · first_market_sell 100 food |
| 34:34 | SPQR_BrutusTV · first_market_sell 500 wood |
| 36:05 | SPQR_BrutusTV · first_building Monastery |
| 36:27 | REIJR · tribute_sent a jugador 1 |
| 36:27 | REIJR · tribute_sent a jugador 2 |
| 36:27 | REIJR · tribute_sent a jugador 3 |
| 36:27 | REIJR · tribute_sent a jugador 5 |
| 36:27 | REIJR · tribute_sent a jugador 6 |
| 36:27 | REIJR · tribute_sent a jugador 7 |
| 36:27 | REIJR · tribute_sent a jugador 8 |
| 37:26 | ash_928 · first_building Monastery |
| 38:09 | drkbeer · age_up imperial |
| 38:09 | SPQR_BrutusTV · age_up imperial |
| 38:37 | 3ScarFac3 · resign |
| 42:16 | SPQR_BrutusTV · first_building Castle |
| 43:06 | ash_928 · age_up imperial |
[ AI ANALYSIS · 1 CREDIT ]
What really happened in this match?
Wolo.gg analyzes every decision: build order, eco, micro, common mistakes by bracket. Personalized analysis on WhatsApp or Discord in 30 seconds.
Civ guide
Ethiopians
Map guide
Nomad
Perfil
SPQR_BrutusTV